 Dungeon Crawl Stone Soup version 0.28.0-53-g5a82cb258f (webtiles) character file.

Game seed: 6136660895823472082

58 ILmort the Chopper (level 4, 0/41 HPs)
             Began as a Hill Orc Monk on Aug 22, 2022.
             Was a Believer of Beogh.
             Slain by an orc
             ... wielding a +0 short sword
              (3 damage)
             ... on level 3 of the Dungeon.
             The game lasted 00:05:18 (2881 turns).

ILmort the Chopper (Hill Orc Monk)                  Turns: 2881, Time: 00:05:19

Health: 0/41       AC:  5    Str: 15    XL:     4   Next: 2%
Magic:  4/4        EV: 11    Int: 10    God:    Beogh [**....]
Gold:   87         SH:  0    Dex: 13    Spells: 3/3 levels left

rFire   . . .      SeeInvis .   a - +0 hand axe
rCold   . . .      Faith    .   (no shield)
rNeg    . . .      Spirit   .   j - +0 ring mail
rPois   .          Reflect  .   (no helmet)
rElec   .          Harm     .   (no cloak)
rCorr   .          Rampage  .   (no gloves)
Will    .....                   (no boots)
Stlth   +.........              (no amulet)
HPRegen 0.13/turn               (no ring)
MPRegen 0.09/turn               (no ring)

@: no status effects
A: no striking features
a: Renounce Religion, Smiting


You were on level 3 of the Dungeon.
You worshipped Beogh.
Beogh was pleased with you.
You visited 1 branch of the dungeon, and saw 3 of its levels.

You collected 87 gold pieces.

Inventory:

Hand Weapons
 a - a +0 hand axe (weapon)
Missiles
 l - a throwing net (quivered)
Armour
 b - a +0 robe
 j - a +0 ring mail (worn)
Scrolls
 d - 3 scrolls of vulnerability {unknown}
 f - a scroll of fog {unknown}
 g - a scroll of identify {unknown}
 k - 2 scrolls of enchant armour {unknown}
 n - 2 scrolls of teleportation {unknown}
Potions
 c - a potion of might {unknown}
 e - a potion of degeneration {unknown}
 h - a potion of magic {unknown}
 i - a potion of flight {unknown}
 m - a potion of cancellation {unknown}


   Skills:
 + Level 4.3 Fighting
 * Level 5.3 Axes
 + Level 0.4 Armour
 - Level 2.5 Dodging
 - Level 1.7 Stealth
 + Level 0.3 Invocations


You had 3 spell levels left.
You didn't know any spells.
Your spell library was empty.

Dungeon Overview and Level Annotations

Branches:
Dungeon (3/15)

Altars:


Message History

You hit the rat. The rat bites you but does no damage.
You hit the rat.
You kill the rat!
Beogh accepts your kill.
You see here a rat corpse.
You see here a rat corpse.
An orc priest comes into view. It is wielding a +0 mace.
The orc priest shouts!
You hear a shout!
The orc priest mumbles some strange prayers to Beogh against you.
Pain shoots through your body!
An orc comes into view. It is wielding a +0 short sword.
You hear a shout!
You hear a shout! x2
The orc priest miscasts a cantrip.
You hit the orc but do no damage. The orc barely misses you.
The orc priest invokes the aid of Beogh against you.
Beogh smites you!
You hit the orc.
An orc comes into view. It is wielding a +0 club.
You hit the orc priest. You hit the orc but do no damage.
The orc priest calls upon Beogh to heal the orc.
The orc's wounds heal themselves!
The orc hits you with a +0 short sword.
You barely miss the orc priest. You hit the orc but do no damage.
The orc priest looks satisfied for a moment.
The orc hits you but does no damage.
You hit the orc priest. You barely miss the orc.
The orc priest completely misses you. The orc barely misses you.
You hit the orc priest. You hit the orc but do no damage.
The orc priest hits you but does no damage.
The orc hits you with a +0 short sword.
You hit the orc priest but do no damage.
You hit the orc but do no damage.
The orc priest invokes the aid of Beogh against you.
Beogh smites you!
* * * LOW HITPOINT WARNING * * *
The orc hits you but does no damage.
An orc comes into view. It is wielding a +0 hand axe.
The orc hits you with a +0 short sword.
You die...
Beogh appreciates the orc's killing of a heretic priest.

#.>... #..... #.....
### #..... #.. ##....
#... ##..... #...###
##..####
#.oooo#########..#####
#@.........†......
######...##.#####.
#####8.8#....
##.###... 8_8 #... #.#
##.. 8.8 #.# #.# ..
..#


You could see an orc priest and 3 orcs.

Vanquished Creatures
  An adder (D:3)
  A worm (D:2)
  2 dart slugs
  An orc (D:2)
  3 endoplasms (D:1)
  2 giant cockroaches (D:1)
  3 goblins
  6 hobgoblins
  2 quokkas (D:2)
  4 ball pythons
  A bat (D:2)
  A frilled lizard (D:1)
  6 kobolds
  5 rats
38 creatures vanquished.

Vanquished Creatures (others)
  An orc wizard (D:2)
1 creature vanquished.

Grand Total: 39 creatures vanquished

Notes
Turn   | Place    | Note
-------+----------+-------------------------------------------
     0 | D:1      | ILmort the Hill Orc Monk began the quest for the Orb.
     0 | D:1      | Reached XP level 1. HP: 19/19 MP: 1/1
   383 | D:1      | Reached XP level 2. HP: 8/27 MP: 2/2
  1197 | D:1      | Reached XP level 3. HP: 18/33 MP: 3/3
  1718 | D:2      | Became a worshipper of Beogh the Brigand
  1718 | D:2      | Reached * piety under Beogh
  1718 | D:2      | Reached ** piety under Beogh
  1733 | D:2      | Reached skill level 5 in Axes
  2836 | D:3      | Reached XP level 4. HP: 40/41 MP: 4/4
  2857 | D:3      | Found a faded altar of an unknown god.
  2881 | D:3      | Slain by an orc

Illustrated notes

Levels and vault maps discovered:
D:1:      heliophobic_arrival_henge, layout_basic
D:2:      layout_basic, nrook_loot_triangle
D:3:      layout_rooms, ebering_ecumenical_altar_hall

Skill      XL: |  1  2  3 |
---------------+----------+-----
Fighting       | 4 |  4.3
Axes           | 5 |  5.3
Armour         | |  0.4
Dodging        | |  2.5
Stealth        | |  1.7
Invocations    | |  0.3

Action                   |  1- 3 |  4- 6 || total
-------------------------+-------+-------++-------
Melee: Hand axe          |   116 |    11 ||   127
Invok: Convert to Beogh  |     1 |       ||     1
 Stab: Sleeping          |     6 |       ||     6
Armor: Robe              |    15 |       ||    15
       Ring mail         |    14 |     4 ||    18
Dodge: Dodged            |    65 |     5 ||    70
